 Dungeon Crawl Stone Soup version 0.22-a0-223-g0f5d773 (webtiles) character file.

5356 sankara the Basher (level 10, -22/82 HPs)
             Began as a Demonspawn Gladiator on Feb 18, 2018.
             Was a Believer of Ashenzari.
             Annihilated by a two-headed ogre
             ... wielding a +0 giant club
              (25 damage)
             ... on level 8 of the Dungeon.
             The game lasted 00:49:15 (10565 turns).

sankara the Basher (Demonspawn Gladiator)          Turns: 10565, Time: 00:49:16

Health: -22/82     AC:  0    Str: 20    XL:     10   Next: 39%
Magic:  15/15      EV: 18    Int: 12    God:    Ashenzari [**....]
Gold:   227        SH:  0    Dex: 15    Spells: 13/16 levels left

rFire    . . .     SeeInvis .   (weapon currently unavailable)
rCold    . . .     Gourm    .   (shield currently unavailable)
rNeg     . . .     Faith    .   (armour currently unavailable)
rPois    .         Spirit   .   (helmet currently unavailable)
rElec    .         Reflect  .   (cloak currently unavailable)
rCorr    .         Harm     .   (gloves currently unavailable)
MR       .....                  (boots currently unavailable)
Stlth    +.........             (no amulet)
HPRegen  0.23/turn              (ring currently unavailable)
MPRegen  0.14/turn              (ring currently unavailable)

@: mighty, lethally poisoned (-22 -> -26), pig-form (expiring), very quick
A: small, blurry vision 1, demonic guardian 1, powered by death 2
a: Curse Item, Scrying, Renounce Religion


You were on level 8 of the Dungeon.
You worshipped Ashenzari.
Ashenzari was pleased with you.
You were not hungry.
You were a filthy swine.
You visited 1 branch of the dungeon, and saw 9 of its levels.
You also visited: Sewer.

You collected 506 gold pieces.
You spent 279 gold pieces at shops.

Inventory:

Hand Weapons
 a - a cursed +3 whip of flaming (melded)
   (You took it off Pikel on level 6 of the Dungeon)
Missiles
 d - 4 throwing nets {=f, !d}
 m - 71 sling bullets
 n - 370 stones
 w - 8 needles of sleeping
 y - 4 tomahawks
 J - 8 javelins (quivered)
 K - 21 poisoned needles
Armour
 b - a cursed +2 cloak of invisibility (melded)
   (You took it off Maurice on level 8 of the Dungeon)
 l - a +3 leather armour
   (You took it off Duvessa on level 6 of the Dungeon)
 H - a cursed +0 leather armour (melded)
   (You found it on level 6 of the Dungeon)
Jewellery
 g - a ring of positive energy (melded) {rN+}
   (You found it on level 2 of the Dungeon)
 C - a ring of wizardry (melded) {Wiz+, !d}
   (You found it on level 8 of the Dungeon)
Wands
 o - a wand of paralysis (6)
   (You took it off Maurice on level 8 of the Dungeon)
 x - a wand of flame (70)
   (You found it on level 4 of the Dungeon)
 z - a wand of digging (4)
   (You took it off Pikel on level 6 of the Dungeon)
 D - a wand of acid (5)
   (You found it on level 6 of the Dungeon)
Scrolls
 e - 3 scrolls of enchant armour
 i - 10 scrolls of identify
 j - 3 scrolls of magic mapping {!r}
 k - 3 scrolls of remove curse
 u - 7 scrolls of teleportation
 F - a scroll of enchant weapon
 G - 3 scrolls of summoning
 I - a scroll of fog
Potions
 c - a potion of berserk rage {unknown}
 h - 3 potions of cancellation {unknown}
 p - 2 potions of might
 q - a potion of magic
 r - a potion of haste
 s - 2 potions of curing {unknown}
 t - 2 potions of mutation {!q}
 A - a potion of lignification {!q}
 B - a potion of agility {unknown}
 L - 2 potions of brilliance {unknown}
Comestibles
 f - 27 rations


   Skills:
 + Level 8.4 Fighting
 - Level 9.4(11.6) Maces & Flails
 - Level 1.7 Throwing
 + Level 3.7 Armour
 + Level 5.7 Dodging
 + Level 3.7 Spellcasting
 + Level 2.5 Charms


You had 13 spell levels left.
You knew the following spells:

 Your Spells              Type           Power        Failure   Level  Hunger
a - Ozocubu's Armour      Chrm/Ice       #.......     38%         3    ###....


Dungeon Overview and Level Annotations

Branches:
Dungeon (9/15)             Temple (0/1) D:5            Lair (0/6) D:9
    Orc: D:9-12

Altars:
Ashenzari
Dithmenos
Fedhas
Gozag
Hepliaklqana
Makhleb
Nemelex Xobeh
Okawaru
Qazlal
Sif Muna
Trog
Uskayaw
Wu Jian
Zin

Shops:
D:6 ?**   D:7 :==!(*

Annotations:
D:8 Psyche


Innate Abilities, Weirdness & Mutations

((You have a pair of horns on your head.))
((You are mostly covered in large bone plates. (SH +6)))
A weak demonic guardian rushes to your aid.
You regenerate health from kills.
((You have sharp fingernails.))
Scrolls take you a little longer to read.
((You are resistant to electric shocks. (rElec)))


Message History

The cyclops misses your quasit.
Your quasit bites the cyclops.
Your quasit barely misses the cyclops.
Your quasit claws the cyclops but does no damage.
Your quasit bites the cyclops but does no damage.
Your quasit claws the cyclops but does no damage. x2
Your quasit disappears in a puff of smoke!
Your white imp hits the cyclops but does no damage.
The cyclops hits your white imp but does no damage.
Your white imp hits the cyclops but does no damage.
Your white imp gestures at the cyclops.
The puff of frost hits the cyclops.
The cyclops hits your white imp!!
Your white imp dies!
There is a stone staircase leading up here.
You climb upwards.
There is a stone staircase leading down here.
You see here 18 arrows.
There is a stone staircase leading down here.
You start resting.
HP restored.
You climb downwards.
There is a stone staircase leading up here.
Done exploring.
(D) Dungeon (T) Temple (L) Lair
Where to? (Enter - D:7 @ (x,y), ? - help)
Okay, then.
Unknown command.
Unknown command.
There is an open door here.
Things that are here:
a cursed +0 chain mail; a +0 scimitar; a large rock {!d} You see here a large rock {!d}.
There is a stone staircase leading down here.
You climb downwards.
Level annotation: Psyche Psyche shouts!
Psyche mumbles some strange words.
Psyche seems to speed up.
You block the adder's attack. The two-headed ogre closely misses you.
The two-headed ogre hits you with a giant club!!
Psyche hits you but does no damage.
You turn into a filthy swine.
Your cursed +3 whip of flaming melds into your body.
Your cursed +2 cloak of invisibility melds into your body.
Your cursed +0 leather armour melds into your body.
Your ring of positive energy {rN+} melds into your body.
Your ring of wizardry {Wiz+, !d} melds into your body.
Your cursed +3 whip of flaming stops flaming.
The adder closely misses you.
There is a stone staircase leading up, spattered with blood here.
Unknown command.
Psyche zaps a wand.
The adder barely misses you.
Psyche zaps a wand.
You easily resist.
The two-headed ogre hits you with a giant club! x2
You climb upwards.
Your summoned ally is left behind.
There is a stone staircase leading down here.
You barely miss Psyche.
Psyche laughs secretively.
Psyche zaps a wand.
You easily resist.
The adder bites you.
You are poisoned.
The adder poisons you! Psyche misses you.
You hit Psyche.
Psyche is lightly wounded.
You feel sick. The adder bites you. Psyche hits you with a dagger of chaos!
* * * LOW HITPOINT WARNING * * *
You convulse.
* * * LOW HITPOINT WARNING * * *
The two-headed ogre barely misses you. x2
You feel much better.
Your transformation is almost over.
Psyche laughs secretively.
Psyche looks braver for a moment.
The adder completely misses you. Psyche misses you.
The two-headed ogre barely misses you.
The two-headed ogre completely misses you.
The adder misses you.
It was a potion of mutation.
You feel extremely strange.
Your vision blurs.
You feel insulated.
Your fingernails lengthen.
You feel sick.
Psyche laughs secretively.
Psyche completely misses you.
Psyche points at you and mumbles some strange words.
The puff of frost hits you! The adder closely misses you.
The two-headed ogre barely misses you.
The two-headed ogre hits you with a giant club!!
* * * LOW HITPOINT WARNING * * *
It was a potion of lignification.
You feel woody for a moment. Psyche misses you. Psyche barely misses you.
The adder barely misses you.
It was a potion of might.
You feel very mighty all of a sudden. Psyche closely misses you.
The adder bites you.
* * * LOW HITPOINT WARNING * * *
You are more poisoned.
The adder poisons you!
Psyche toys with her hair.
Psyche hits you with a dagger of chaos!
* * * LOW HITPOINT WARNING * * *
Psyche burns you.
* * * LOW HITPOINT WARNING * * *
The two-headed ogre closely misses you.
The two-headed ogre hits you with a giant club!!
You die...

##.....
###########......
#............≈≈≈≈
#...≈.≈###..⌠≈≈≈≈
#...≈≈.# #...≈≈≈≈
###.≈_≈≈####......
#..≈≈≈≈≈..........
#S#).≈≈≈######...#
#h@5...u).........
#O#############.##
#(######## #.##
#.##.....# #)#.
#.##.....# #.#.
#[##.....# #.#.
#.##.....# #.#.
#.##.....# #.#.
#.##.....######.##


You could see a purple ugly thing, a two-headed ogre, Psyche, an adder and a
friendly iron imp.

Vanquished Creatures
  The ghost of wazuzu the Spear-Bearer, a novice NaBe of Trog (D:7)
  Maurice (D:8)
  Prince Ribbit (D:5)
  4 hippogriffs
  Grum (D:9)
  A hungry ghost (D:9)
  A hell hound (D:9)
  Duvessa (D:6)
  2 sky beasts
  A phantom (D:6)
  3 orc warriors
  2 ice beasts
  2 ogres
  A centaur (D:6)
  3 wolves (D:9)
  4 big kobolds
  A bullfrog (D:8)
  Dowan (D:6)
  2 howler monkeys
  3 crimson imps
  A bullfrog zombie (D:9)
  5 hounds
  A jelly (D:7)
  A quasit (D:8)
  3 orc priests
  Crazy Yiuf (D:7)
  2 centaur skeletons (D:8)
  A bullfrog skeleton (D:5)
  7 orc wizards
  5 worker ants
  A killer bee zombie (D:7)
  A hound zombie (D:9)
  9 adders
  A river rat (D:3)
  A shadow imp (D:9)
  3 oozes
  An adder skeleton (D:5)
  2 adder zombies (D:8)
  5 worms
  A leopard gecko (D:1)
  21 orcs
  3 giant cockroaches
  6 goblins
  5 hobgoblins
  7 jackals
  11 kobolds
  3 quokkas
  2 ball pythons (Sewer)
  5 bats
  3 frilled lizards
  8 rats
  2 fungi (D:7)
164 creatures vanquished.

Vanquished Creatures (collateral kills)
  Pikel (D:6)
  Edmund (D:4)
  A hell hound (D:9)
  A sky beast (D:8)
  An ice beast (D:6)
  An ogre (D:8)
  A big kobold (Sewer)
  A crimson imp (D:8)
  2 orc wizards (D:4)
  An orc (D:4)
  A giant cockroach (D:4)
  2 kobolds (D:9)
14 creatures vanquished.

Vanquished Creatures (others)
  A slave (D:6)
  7 fungi (D:5)
8 creatures vanquished.

Grand Total: 186 creatures vanquished

Notes
Turn   | Place    | Note
-------+----------+-------------------------------------------
     0 | D:1      | sankara the Demonspawn Gladiator began the quest for the Orb.
     0 | D:1      | Reached XP level 1. HP: 16/16 MP: 1/1
   380 | D:1      | Reached skill level 3 in Maces & Flails
   620 | D:1      | Gained mutation: You are partially covered in large bone plates. (SH +4) [demonic ancestry]
   620 | D:1      | Reached XP level 2. HP: 22/22 MP: 2/2
   700 | D:2      | HP: 1/23 [worm (11)]
  1314 | D:2      | Reached XP level 3. HP: 23/28 MP: 3/3
  1619 | D:2      | Found a shattered altar of Ashenzari.
  1636 | D:2      | Became a worshipper of Ashenzari the Shackled
  2010 | D:3      | Found a glowing drain.
  2318 | Sewer    | Entered a sewer
  2458 | Sewer    | Reached skill level 4 in Maces & Flails
  2458 | Sewer    | Gained mutation: A weak demonic guardian rushes to your aid. [demonic ancestry]
  2458 | Sewer    | Reached XP level 4. HP: 34/34 MP: 4/4
  2483 | Sewer    | Reached skill level 3 in Fighting
  2525 | Sewer    | Noticed a big kobold
  2527 | Sewer    | Noticed a big kobold
  2533 | Sewer    | Killed a big kobold
  2533 | Sewer    | Gained mutation: You are mostly covered in large bone plates. (SH +6) [demonic ancestry]
  2533 | Sewer    | Reached XP level 5. HP: 41/41 MP: 5/5
  2624 | Sewer    | Reached skill level 5 in Maces & Flails
  2706 | D:3      | Found a sparkling altar of Nemelex Xobeh.
  2863 | D:3      | Gained mutation: You regenerate a little health from kills. [demonic ancestry]
  2863 | D:3      | Reached XP level 6. HP: 48/48 MP: 6/6
  2951 | D:3      | Reached skill level 4 in Fighting
  3067 | D:3      | Found a burning altar of Makhleb.
  3300 | D:3      | Found a faded altar of an unknown god.
  3773 | D:4      | Noticed Edmund
  3822 | D:4      | Killed Edmund
  4090 | D:4      | Reached skill level 6 in Maces & Flails
  4290 | D:4      | Found an opulent altar of Gozag.
  4290 | D:4      | Found an iron altar of Okawaru.
  4290 | D:4      | Found a bloodstained altar of Trog.
  4441 | D:5      | Entered Level 5 of the Dungeon
  4483 | D:5      | Found a deep blue altar of Sif Muna.
  4527 | D:5      | Gained mutation: You have a pair of small horns on your head. [demonic ancestry]
  4527 | D:5      | Reached XP level 7. HP: 55/55 MP: 7/7
  4586 | D:5      | Found a stormy altar of Qazlal.
  4591 | D:5      | Found a hazy altar of Hepliaklqana.
  4717 | D:5      | Reached * piety under Ashenzari
  4740 | D:5      | Reached skill level 5 in Fighting
  5067 | D:5      | Found a staircase to the Ecumenical Temple.
  5135 | D:5      | Found a hide-covered altar of Uskayaw.
  5420 | D:5      | Noticed Prince Ribbit
  5439 | D:5      | Reached skill level 3 in Dodging
  5467 | D:5      | Killed Prince Ribbit
  5467 | D:5      | Reached skill level 7 in Maces & Flails
  5627 | D:6      | Found Anuah's General Store.
  5639 | D:6      | Reached XP level 8. HP: 63/63 MP: 8/8
  5695 | D:6      | Noticed Pikel
  5716 | D:6      | Killed Pikel
  5970 | D:6      | Found Zin's Purification Station.
  5973 | D:6      | Found a glowing silver altar of Zin.
  6105 | D:6      | Found Fufos's Magic Scroll Emporium.
  6113 | D:6      | Bought a scroll of identify for 22 gold pieces
  6113 | D:6      | Bought a scroll of summoning for 104 gold pieces
  6113 | D:6      | Bought a scroll of teleportation for 33 gold pieces
  6113 | D:6      | Bought a scroll of enchant armour for 82 gold pieces
  6113 | D:6      | Bought a scroll of magic mapping for 38 gold pieces
  6144 | D:6      | Reached skill level 6 in Fighting
  6144 | D:6      | Reached skill level 4 in Dodging
  6147 | D:6      | Reached skill level 8 in Maces & Flails
  6198 | D:6      | Found an ornate altar of the Wu Jian Council.
  6232 | D:6      | Reached ** piety under Ashenzari
  6432 | D:6      | Noticed Dowan
  6442 | D:6      | Noticed Duvessa
  6456 | D:6      | Killed Duvessa
  6458 | D:6      | Found a sparkling altar of Nemelex Xobeh.
  6503 | D:6      | Killed Dowan
  6683 | D:7      | Found Pile's Distillery.
  6691 | D:7      | Noticed a hippogriff
  6704 | D:7      | Killed a hippogriff
  6709 | D:7      | Noticed wazuzu's ghost (novice NaBe)
  6714 | D:7      | Gained mutation: You have a pair of horns on your head. [demonic ancestry]
  6714 | D:7      | Reached XP level 9. HP: 57/71 MP: 9/9
  6809 | D:7      | Found Kowefewuri's Book Shoppe.
  6862 | D:7      | HP: 14/71 [wazuzu's ghost (5)]
  7164 | D:7      | Killed wazuzu's ghost
  7164 | D:7      | Reached skill level 7 in Fighting
  7164 | D:7      | Reached skill level 9 in Maces & Flails
  7207 | D:7      | Found Fciucvan's Fabulous Fripperies.
  7446 | D:7      | Found Dajeann's Jewellery Shop.
  7464 | D:7      | Identified the +3 long sword of Qomucwun {holy, rC++ SInv}
  7647 | D:7      | Reached skill level 1 in Armour
  7647 | D:7      | Reached skill level 1 in Spellcasting
  7943 | D:7      | Found Ydycvuymn's Weapon Boutique.
  7945 | D:7      | Found Udokadij's Jewellery Boutique.
  8143 | D:7      | Found a runed door.
  8147 | D:7      | Noticed Crazy Yiuf
  8155 | D:7      | Killed Crazy Yiuf
  8330 | D:8      | Noticed Maurice
  8332 | D:8      | Reached skill level 2 in Armour
  8332 | D:8      | Reached skill level 2 in Spellcasting
  8359 | D:8      | Killed Maurice
  8527 | D:8      | Learned a level 3 spell: Ozocubu's Armour
  8658 | D:8      | Found a blossoming altar of Fedhas.
  8682 | D:8      | Noticed a cyclops
  8702 | D:8      | Reached skill level 5 in Dodging
  9033 | D:8      | Reached skill level 1 in Charms
  9114 | D:8      | Reached skill level 8 in Fighting
  9141 | D:8      | Found a shadowy altar of Dithmenos.
  9234 | D:8      | Reached skill level 3 in Armour
  9234 | D:8      | Reached skill level 3 in Spellcasting
  9234 | D:8      | Gained mutation: You regenerate health from kills. [demonic ancestry]
  9234 | D:8      | Reached XP level 10. HP: 72/80 MP: 14/14
  9529 | D:9      | Found a staircase to the Lair.
  9671 | D:9      | Reached skill level 2 in Charms
  9682 | D:9      | Noticed Grum
  9711 | D:9      | Killed Grum
 10083 | D:9      | Noticed Psyche
 10087 | D:9      | Noticed a two-headed ogre
 10149 | D:8      | Noticed a purple ugly thing
 10561 | D:8      | HP: 20/82 [Psyche/dagger of chaos (8)]
 10563 | D:8      | Gained mutation: Scrolls take you a little longer to read. [potion of mutation]
 10563 | D:8      | Gained mutation: You are resistant to electric shocks. (rElec) [potion of mutation]
 10563 | D:8      | Gained mutation: You have sharp fingernails. [potion of mutation]
 10565 | D:8      | HP: 5/82 [Psyche/dagger of chaos (7)]
 10565 | D:8      | Annihilated by a two-headed ogre

Vault maps used:
D:1:      evilmike_arrival_home_sweet_home
D:2:      ashenzari_altar_1
D:3:      lemuel_upstairs_altar, makhleb_heckhound_becter, old_standard_altar,
          chequers_ecumenical_altar_grove, cheibrodos_sewer_entry_sluice,
          roderic_nine_men_s_morris
D:4:      gammafunk_temple_overflow_claw, uniq_edmund
D:5:      grunt_qazlal_clouds, lemuel_crystal_altar, led_sif_book,
          minmay_temple_entry_steel_oval, serial_aquarium,
          aquarium_bridge_square, aquarium_bridge_square,
          aquarium_window_corner, aquarium_window_corner, aquarium_window_fake,
          aquarium_view_2c, aquarium_view_2b, aquarium_balcony_1a,
          aquarium_pool_side, first_ration, lemuel_statue_altar,
          uniq_prince_ribbit1
D:6:      zin_purify, kennysheep_mini, serial_shops, shop,
          nicolae_shop_temple_entry_statues_fountains,
          nemelex_diamond_rough_becter, uniq_duvessa, uniq_pikel
D:7:      serial_shops, shop, shop, nicolae_shop_behind_doors, shop, shop,
          nicolae_alphabet_shops, kennysheep_small_square,
          uniq_crazy_yiuf_cottage
D:8:      nicolae_dithmenos_through_a_glass_darkly, fedhas_altar_2,
          grunt_ogre_cave, serial_park_tiny_pond, uniq_maurice
D:9:      cheibrodos_helix_gallery, minmay_lair_entry_lava, serial_shops,
          nicolae_shop_overgrown_old_shop, st_stairs_6, chei_slow_surprise,
          uniq_psyche, uniq_grum
Sewer:    sewer_co_15_rooms

Skill      XL: |  1  2  3  4  5  6  7  8  9 10 |
---------------+-------------------------------+-----
Maces & Flails | 3 4 5 6 7 8 9 |  9.4
Fighting       | 3 4 5 6 8 |  8.4
Dodging        | 3 4 5 |  5.7
Armour         | 3 |  3.7
Spellcasting   | 3 |  3.7
Charms         | 1 2 |  2.5
Throwing       | |  1.7

Action                   |  1- 3 |  4- 6 |  7- 9 | 10-12 || total
-------------------------+-------+-------+-------+-------++-------
Melee: Flail             |    63 |       |       |       ||    63
       Whip              |    61 |    83 |   360 |   152 ||   656
       Headbutt          |       |       |    77 |    26 ||   103
       Unarmed           |       |       |       |     2 ||     2
 Fire: Hunting sling     |    22 |   113 |    56 |       ||   191
Throw: Stone             |       |       |     4 |       ||     4
 Cast: Ozocubu's Armour  |       |       |       |     1 ||     1
Invok: Curse Item        |       |       |     2 |       ||     2
  Use: Potion            |     2 |     2 |     1 |     4 ||     9
       Scroll            |       |       |       |     3 ||     3
 Stab: Distracted        |       |     1 |     3 |       ||     4
       Invisible         |       |       |     1 |       ||     1
  Eat: Chunk             |     5 |     6 |    12 |     3 ||    26
       Ration            |       |       |     1 |     1 ||     2
Armor: Leather armour    |    41 |     9 |    25 |    22 ||    97
Dodge: Dodged            |    76 |    38 |   103 |    93 ||   310
Block: Other             |    20 |    19 |    57 |    45 ||   141

Table legend:
 A = Spawn XP
 B = Non-spawn XP
 C = Spawn XP percentage of total XP
 D = Spawn monster count
 E = Non-spawn monster count
 F = Spawn count percentage of total count
 G = Total turns spent on level
                    A         B        C        D         E        F      G
               +---------+---------+-------+---------+---------+-------+---------
         Total |       0 |    7652 |   0.0 |       0 |     176 |   0.0 | 10565
               +---------+---------+-------+---------+---------+-------+---------
           D:1 |       0 |      12 |   0.0 |       0 |       8 |   0.0 |  1100
           D:2 |       0 |      44 |   0.0 |       0 |       9 |   0.0 |  1068
           D:3 |       0 |     106 |   0.0 |       0 |      23 |   0.0 |   847
           D:4 |       0 |     272 |   0.0 |       0 |      17 |   0.0 |  1075
           D:5 |       0 |     662 |   0.0 |       0 |      16 |   0.0 |  1172
           D:6 |       0 |    1184 |   0.0 |       0 |      16 |   0.0 |  1399
           D:7 |       0 |    1339 |   0.0 |       0 |      10 |   0.0 |  1732
           D:8 |       0 |    1839 |   0.0 |       0 |      33 |   0.0 |  1226
           D:9 |       0 |    1904 |   0.0 |       0 |      27 |   0.0 |   595
         Sewer |       0 |     290 |   0.0 |       0 |      17 |   0.0 |   351
               +---------+---------+-------+---------+---------+-------+---------

Vault maps used:
D:1:      evilmike_arrival_home_sweet_home
D:2:      ashenzari_altar_1
D:3:      lemuel_upstairs_altar, makhleb_heckhound_becter, old_standard_altar,
          chequers_ecumenical_altar_grove, cheibrodos_sewer_entry_sluice,
          roderic_nine_men_s_morris
D:4:      gammafunk_temple_overflow_claw, uniq_edmund
D:5:      grunt_qazlal_clouds, lemuel_crystal_altar, led_sif_book,
          minmay_temple_entry_steel_oval, serial_aquarium,
          aquarium_bridge_square, aquarium_bridge_square,
          aquarium_window_corner, aquarium_window_corner, aquarium_window_fake,
          aquarium_view_2c, aquarium_view_2b, aquarium_balcony_1a,
          aquarium_pool_side, first_ration, lemuel_statue_altar,
          uniq_prince_ribbit1
D:6:      zin_purify, kennysheep_mini, serial_shops, shop,
          nicolae_shop_temple_entry_statues_fountains,
          nemelex_diamond_rough_becter, uniq_duvessa, uniq_pikel
D:7:      serial_shops, shop, shop, nicolae_shop_behind_doors, shop, shop,
          nicolae_alphabet_shops, kennysheep_small_square,
          uniq_crazy_yiuf_cottage
D:8:      nicolae_dithmenos_through_a_glass_darkly, fedhas_altar_2,
          grunt_ogre_cave, serial_park_tiny_pond, uniq_maurice
D:9:      cheibrodos_helix_gallery, minmay_lair_entry_lava, serial_shops,
          nicolae_shop_overgrown_old_shop, st_stairs_6, chei_slow_surprise,
          uniq_psyche, uniq_grum
Sewer:    sewer_co_15_rooms

Table legend:
 A = Turns spent in this place as a percentage of turns spent in the entire game.
 B = Non-inter-level travel turns spent in this place as a percentage of non-inter-level travel turns spent in the entire game.
 C = Inter-level travel turns spent in this place as a percentage of turns spent in this place.
 D = Turns resting spent in this place as a percentage of non-inter-level travel turns spent in this place.
 E = Turns spent auto-exploring this place as a percentage of non-inter-level travel turns spent in this place.
 F = Non-inter-level travel turns spent in this place divided by the number of levels of this place that you've seen.
                   A       B       C       D       E      F
               +-------+-------+-------+-------+-------+----------------------
         Total | 100.0 | 100.0 |   4.9 |  28.9 |  50.1 | 1004.6
       Dungeon |  96.7 |  96.5 |   5.1 |  29.6 |  50.1 | 1077.2
         Sewer |   3.3 |   3.5 |   0.0 |  11.4 |  51.6 | 351.0
               +-------+-------+-------+-------+-------+----------------------

Table legend:
 A = Kills in this place as a percentage of kills in entire the game.
 B = Kills by you in this place as a percentage of kills by you in the entire game.
 C = Kills by friends in this place as a percentage of kills by friends in the entire game.
 D = Other kills in this place as a percentage of other kills in the entire game.
 E = Experience gained in this place as a percentage of experience gained in the entire game.
 F = Experience gained in this place divided by the number of levels of this place that you have seen.
                   A       B       C       D       E      F
               +-------+-------+-------+-------+-------+----------------------
         Total | 100.0 | 100.0 | 100.0 |   N/A | 100.0 | 765.2
       Dungeon |  90.3 |  90.1 |  92.9 |   N/A |  96.2 | 818.0
         Sewer |   9.7 |   9.9 |   7.1 |   N/A |   3.8 | 290.0
               +-------+-------+-------+-------+-------+----------------------
